Map: Frost LE

Players

Musti - Winner!

  • Race: Terran Terran

blackxored

  • Race: Zerg Zerg
  • League: Platinum

VOD

Have the link to the VOD?

Description

Time

  • Played on: June 29, 2016, 6:35 p.m.
  • Length: 6:02
Show
View Real Time Build Order
Export as new Build Order

Musti Terran - Winner!

Build Orders:  

Get SALT Encoding   

  12  0:00  SCV  
  13  0:12  SCV  
  14  0:17  Supply Depot  
  14  0:25  SCV  
  15  0:39  SCV  
  15  0:41  Barracks  
  16  0:48  Refinery  
  16  0:51  SCV  
  17  1:03  SCV  
  18  1:09  Barracks  
  18  1:16  SCV  
  19  1:22  Barracks  
  19  1:28  Refinery  
  19  1:34  Reaper  
  20  1:44  Supply Depot  
  20  1:58  Reaper  
  21  2:04  Orbital Command  
  21  2:09  Reaper  
  21  2:14  Reaper  
  23  2:31  Supply Depot, Reaper  
  23  2:32  SCV  
  25  2:41  Reaper  
  26  2:53  Reaper  
  26  2:56  SCV  
  28  2:59  Barracks  
  28  3:03  Reaper  
  29  3:13  Reaper  
  30  3:25  Reaper, SCV  
  32  3:35  Reaper  
  32  3:40  SCV  
  34  3:45  Supply Depot, Reaper  
  35  3:57  Reaper  
  35  4:18  Reaper  
  35  4:19  Reaper  
  35  4:20  Reaper  
  38  4:27  Supply Depot x2, Command Center  
  38  4:31  Reaper  
  37  4:33  SCV  
  39  4:45  SCV  
  39  4:50  Reaper  
  39  4:51  Reaper  
  39  4:52  Reaper  
  40  5:18  Reaper  
  41  5:23  Reaper  
  41  5:25  Reaper x2  
  41  5:26  SCV  
Show
View Real Time Build Order
Export as new Build Order

blackxored Zerg 

Build Orders: Hatch First 

Get SALT Encoding   

  12  0:01  Drone  
  13  0:10  Drone  
  14  0:18  Overlord  
  14  0:24  Extractor  
  14  0:25  Drone  
  15  0:38  Drone x2  
  17  0:55  Hatchery  
  16  0:57  Drone  
  16  0:59  Drone  
  18  1:11  Extractor  
  17  1:15  Spawning Pool  
  17  1:18  Drone  
  17  1:21  Drone  
  18  1:32  Drone  
  19  1:39  Overlord  
  19  1:49  Drone  
  20  2:02  Queen  
  20  2:04  Zergling x2  
  20  2:06  Queen  
  20  2:07  Zergling x2  
  26  2:11  Zergling x2  
  27  2:16  Metabolic Boost  
  27  2:18  Drone  
  28  2:28  Zergling x2  
  29  2:37  Queen  
  29  2:42  Queen  
  32  2:54  Zergling x6  
  35  3:15  Zergling x2  
  35  3:23  Queen  
  36  3:30  Zergling x2  
  36  3:32  Overlord x2, Queen  
  35  3:38  Zergling x2  
  35  3:39  Zergling x2  
  36  3:54  Zergling x12  
  29  4:18  Zergling x10  
  32  4:25  Queen x2  
  35  4:32  Zergling x2  
  35  4:33  Zergling x2  
  34  4:48  Zergling x6  
  37  4:56  Zergling x2  
  35  5:00  Queen  
  31  5:21  Zergling x10  
  33  5:30  Zergling x2  
  33  5:32  Roach Warren  
  33  5:35  Zergling x4  
Tags
 
League
Platinum
Matchup
TvZ
Add a new tag
Caveats
  • Supply blocks, unpowered buildings, or Contaminate may cause inaccurate times.
  • Supply counts are checked every 10 seconds.